 Dungeon Sprint DCSS version 0.17.0-17-ge4ba49f (webtiles) character file.

8000000 Iamburgie the Ninja (level 27, -6/249 HPs)
             Began as a Formicid Air Elementalist on Nov 11, 2015.
             Was the Champion of Makhleb.
             Mangled by a destroyer
             ... wielding a +9 great sword of slicing
              (147 damage)
             ... in the Dungeon (Sprint VIII: "Arena of Blood").
             The game lasted 00:04:57 (80 turns).

Iamburgie the Ninja (Formicid Air Elementalist)       Turns: 80, Time: 00:04:57

Health: -6/249     AC:  4    Str: 23    XL:     27
Magic:  24/54      EV: 26    Int: 18    God:    Makhleb [******]
Gold:   0          SH:  0    Dex: 11    Spells: 1 memorised, 79 levels left

rFire  . . .     SeeInvis +     j - +∞ Axe of Woe
rCold  . . .     Clarity  .     a - +0 robe
rNeg   . . .     SustAt   .     (no shield)
rPois  .         Gourm    .     (helmet unavailable)
rElec  .         Spirit   .     (no cloak)
rCorr  .         Warding  .     (no gloves)
rMut   .         Stasis   +     (no boots)
MR     ++...                    (no amulet)
Stlth  +++++++++.               m - +200 ring of slaying
                                k - +200 ring of slaying

@: very resistant to hostile enchantments, incredibly stealthy
A: permanent stasis, dig shafts and tunnels, four strong arms, antennae 3
a: Dig, Minor Destruction, Lesser Servant of Makhleb, Major Destruction, Greater
Servant of Makhleb, Renounce Religion


You were in the Dungeon.
You worshipped Makhleb.
Makhleb was exalted by your worship.
You were not hungry.

You visited 1 branch

Inventory:

Hand Weapons
 j - the +∞ Axe of Woe (weapon)
   (You found it in the Dungeon)
Armour
 a - a +0 robe (worn)
Jewellery
 k - a +200 ring of slaying (left hand)
 l - a +100 ring of slaying
 m - a +200 ring of slaying (right hand)
Scrolls
 i - a scroll of blinking
Potions
 d - a potion of curing
 e - a potion of heal wounds
 f - a potion of haste
 g - 2 potions of magic
 h - a potion of berserk rage
Books
 b - a book of Air

   Spells                             Type                      Level
   a - Shock                          Conjuration/Air              1
   b - Swiftness                      Charms/Air                   2
   c - Repel Missiles                 Charms/Air                   2
   d - Static Discharge               Conjuration/Air              3
   e - Lightning Bolt                 Conjuration/Air              5
Comestibles
 c - a bread ration


   Skills:
 O Level 27 Fighting
 O Level 27 Axes
 O Level 27 Throwing
 O Level 27 Armour
 O Level 27 Dodging
 O Level 27 Stealth
 O Level 27 Unarmed Combat
 O Level 27 Spellcasting
 O Level 27 Conjurations
 O Level 27 Air Magic
 O Level 27 Invocations


You had 79 spell levels left.
You knew the following spells:

 Your Spells              Type           Power        Failure   Level  Hunger
a - Shock                 Conj/Air       ####         0%          1    None


Dungeon Overview and Level Annotations

Branches:
Dungeon (1/1)

Altars:
Makhleb


Innate Abilities, Weirdness & Mutations

You are under a permanent stasis effect.
You can dig through walls and to a lower floor.
Your four strong arms can wield two-handed weapons with a shield.
You have a pair of large antennae on your head (SInv).


Message History

You fatally mangle the bag of meat.
You kill the bag of meat!
Makhleb accepts your kill.
You feel better.
You hear a shout! x3
The tyrant is engulfed in roaring flames.
You hear a shout! x9
You hear a shout! x11
The tyrant is engulfed in roaring flames.
You hear a shout!
You carve the tyrant like a ham!!!!!!
You butcher the tyrant messily.
You destroy the tyrant!
Makhleb accepts your kill.
You hear a shout! x11
Unknown command.
You hear a shout! x6
The destroyer is engulfed in roaring flames.
The destroyer hits you with a +9 great sword of slicing!!!!!
Ouch! That really hurt!
You die...

##.#.........{.
......))%......
....#...).####.
.......§.{%.#.%
.......W.%.%%%.
....{.§§o..%..#
#######o#######
#V### #.@.#
#####


You could see a destroyer, a wretched soul (invisible) and a bag of meat.

Vanquished Creatures
  Sigmund (D)
  A wraith (D)
  3 vampire knights (D)
  15 ogres (D)
  2 liches (D)
  A hydra (D)
  35 orcs (D)
  5 hill giants (D)
63 creatures vanquished.

Notes
Turn   | Place    | Note
--------------------------------------------------------------
     0 | D        | Iamburgie the Formicid Air Elementalist began the quest for the Orb.
     0 | D        | Reached XP level 1. HP: 13/13 MP: 3/3
     3 | D        | Became a worshipper of Makhleb the Destroyer
     4 | D        | Noticed a meat berserker
     4 | D        | Noticed a meat berserker
     5 | D        | Noticed a bag of meat
     6 | D        | Noticed a bag of meat
     6 | D        | Noticed a meat berserker
     7 | D        | Killed a meat berserker
     7 | D        | Reached skill level 14 in Fighting
     7 | D        | Reached skill level 16 in Stealth
     7 | D        | Reached XP level 2. HP: 15/42 MP: 3/16
     7 | D        | Reached XP level 3. HP: 17/48 MP: 3/17
     7 | D        | Reached XP level 4. HP: 19/55 MP: 3/19
     7 | D        | Reached XP level 5. HP: 21/61 MP: 3/20
     7 | D        | Reached XP level 6. HP: 23/68 MP: 3/22
     7 | D        | Reached XP level 7. HP: 25/74 MP: 3/23
     7 | D        | Reached XP level 8. HP: 27/81 MP: 3/25
     7 | D        | Reached XP level 9. HP: 29/87 MP: 3/26
     7 | D        | Reached XP level 10. HP: 31/94 MP: 3/27
     7 | D        | Reached XP level 11. HP: 32/100 MP: 3/28
     7 | D        | Reached XP level 12. HP: 34/107 MP: 3/29
     7 | D        | Reached XP level 13. HP: 35/113 MP: 3/30
     8 | D        | Noticed a bag of meat
     8 | D        | Noticed a bag of meat
     8 | D        | Noticed a bag of meat
     8 | D        | Noticed a bag of meat
     8 | D        | Killed a bag of meat
     8 | D        | Reached * piety under Makhleb
     8 | D        | Reached skill level 15 in Fighting
     8 | D        | Reached skill level 17 in Stealth
     8 | D        | Reached XP level 14. HP: 86/123 MP: 3/32
     8 | D        | Killed a bag of meat
     8 | D        | Reached skill level 15 in Axes
     8 | D        | Reached skill level 19 in Stealth
     8 | D        | Reached skill level 15 in Spellcasting
     8 | D        | Reached XP level 15. HP: 128/132 MP: 3/34
     8 | D        | Noticed a bag of meat
     9 | D        | Noticed a bag of meat
     9 | D        | Noticed a bag of meat
     9 | D        | Noticed a bag of meat
     9 | D        | Noticed a large bag of meat
     9 | D        | Killed a meat berserker
     9 | D        | Reached ** piety under Makhleb
     9 | D        | Reached skill level 15 in Dodging
     9 | D        | Reached skill level 20 in Stealth
     9 | D        | Reached skill level 15 in Conjurations
     9 | D        | Reached XP level 16. HP: 66/143 MP: 3/36
     9 | D        | Killed a meat berserker
     9 | D        | Reached skill level 22 in Stealth
     9 | D        | Reached skill level 15 in Air Magic
    10 | D        | Noticed a bag of meat
    10 | D        | Noticed a bag of meat
    10 | D        | Noticed a meat berserker
    10 | D        | Noticed a bag of meat
    10 | D        | Noticed a bag of meat
    10 | D        | Noticed a bag of meat
    11 | D        | Noticed a bag of meat
    11 | D        | Noticed a bag of meat
    11 | D        | Noticed a bag of meat
    11 | D        | Killed a bag of meat
    11 | D        | Reached *** piety under Makhleb
    11 | D        | Reached skill level 23 in Stealth
    11 | D        | Reached XP level 17. HP: 70/155 MP: 4/39
    12 | D        | Noticed a bag of meat
    12 | D        | Noticed a large bag of meat
    12 | D        | Killed a bag of meat
    13 | D        | Noticed a bag of meat
    13 | D        | Killed a bag of meat
    13 | D        | Reached **** piety under Makhleb
    13 | D        | Reached skill level 24 in Stealth
    13 | D        | Reached XP level 18. HP: 109/166 MP: 4/42
    13 | D        | Killed a bag of meat
    13 | D        | Reached skill level 25 in Stealth
    13 | D        | Killed a bag of meat
    14 | D        | Killed a bag of meat
    14 | D        | Reached ***** piety under Makhleb
    14 | D        | Reached skill level 26 in Stealth
    14 | D        | Killed a bag of meat
    14 | D        | Reached XP level 19. HP: 175/178 MP: 5/44
    14 | D        | Killed a meat berserker
    14 | D        | Reached skill level 27 in Stealth
    15 | D        | Noticed a bag of meat
    15 | D        | Killed a large bag of meat
    15 | D        | Reached XP level 20. HP: 190/190 MP: 5/47
    15 | D        | Killed a bag of meat
    15 | D        | Killed a bag of meat
    16 | D        | Noticed a bag of meat
    16 | D        | Noticed a bag of meat
    17 | D        | Noticed a meat berserker
    17 | D        | Killed a bag of meat
    17 | D        | Reached ****** piety under Makhleb
    17 | D        | Killed a meat berserker
    17 | D        | Reached skill level 27 in Fighting
    17 | D        | Reached XP level 21. HP: 201/204 MP: 6/50
    17 | D        | Killed a bag of meat
    17 | D        | Killed a bag of meat
    17 | D        | Killed a bag of meat
    18 | D        | Killed a bag of meat
    18 | D        | Reached skill level 27 in Axes
    18 | D        | Reached skill level 27 in Spellcasting
    18 | D        | Killed a bag of meat
    18 | D        | Reached XP level 22. HP: 212/212 MP: 6/53
    18 | D        | Killed a bag of meat
    18 | D        | Reached skill level 27 in Dodging
    19 | D        | Killed a bag of meat
    19 | D        | Reached skill level 27 in Conjurations
    19 | D        | Killed a bag of meat
    19 | D        | Reached skill level 27 in Air Magic
    20 | D        | Noticed a meat berserker
    20 | D        | Killed a large bag of meat
    20 | D        | Reached skill level 10 in Armour
    20 | D        | Reached skill level 10 in Unarmed Combat
    21 | D        | Noticed a large bag of meat
    23 | D        | Noticed a bag of meat
    23 | D        | Noticed a bag of meat
    23 | D        | Noticed a meat berserker
    25 | D        | Killed a meat berserker
    25 | D        | Reached skill level 15 in Armour
    25 | D        | Reached XP level 23. HP: 130/219 MP: 8/54
    25 | D        | Killed a bag of meat
    25 | D        | Reached skill level 15 in Unarmed Combat
    26 | D        | Noticed a meat berserker
    29 | D        | Noticed a bag of meat
    29 | D        | Noticed a bag of meat
    29 | D        | Noticed a meat berserker
    30 | D        | Noticed a meat berserker
    32 | D        | Killed a meat berserker
    32 | D        | Reached skill level 15 in Throwing
    32 | D        | Killed a bag of meat
    32 | D        | Reached XP level 24. HP: 227/227 MP: 10/54
    32 | D        | Killed a meat berserker
    33 | D        | Noticed a meat berserker
    36 | D        | Noticed a destroyer
    36 | D        | Killed a meat berserker
    37 | D        | Noticed a meat berserker
    37 | D        | Noticed a large bag of meat
    37 | D        | Killed a meat berserker
    37 | D        | Reached skill level 27 in Invocations
    37 | D        | Reached XP level 25. HP: 234/234 MP: 12/54
    38 | D        | Noticed a bag of meat
    39 | D        | Noticed a bag of meat
    40 | D        | Killed a meat berserker
    40 | D        | Reached skill level 27 in Armour
    41 | D        | Killed a meat berserker
    41 | D        | Reached skill level 27 in Unarmed Combat
    42 | D        | Noticed a bag of meat
    42 | D        | Noticed a bag of meat
    42 | D        | Killed a bag of meat
    42 | D        | Reached skill level 27 in Throwing
    43 | D        | Noticed a bag of meat
    43 | D        | Killed a bag of meat
    44 | D        | Killed a destroyer
    44 | D        | Reached XP level 26. HP: 242/242 MP: 14/54
    45 | D        | Noticed an eight-headed meat hydra
    45 | D        | Killed a bag of meat
    46 | D        | Killed a bag of meat
    47 | D        | Noticed a destroyer
    47 | D        | Killed a large bag of meat
    48 | D        | Killed a bag of meat
    50 | D        | Killed a bag of meat
    50 | D        | Reached XP level 27. HP: 79/249 MP: 15/54
    50 | D        | Killed a large bag of meat
    50 | D        | Killed a bag of meat
    51 | D        | Noticed a meat berserker
    51 | D        | Noticed a bag of meat
    51 | D        | Noticed a tyrant
    52 | D        | Killed a bag of meat
    52 | D        | Killed a bag of meat
    53 | D        | Noticed a destroyer
    53 | D        | Killed a bag of meat
    54 | D        | Noticed a meat berserker
    54 | D        | Noticed a meat berserker
    54 | D        | Killed a destroyer
    55 | D        | Killed a destroyer
    55 | D        | Killed a meat berserker
    58 | D        | Noticed an accursed
    58 | D        | Noticed a large bag of meat
    58 | D        | Noticed The Captor
    59 | D        | Killed a nine-headed meat hydra
    59 | D        | Killed a meat berserker
    60 | D        | Noticed a bag of meat
    61 | D        | Noticed a dread
    61 | D        | Killed a meat berserker
    62 | D        | Killed a tyrant
    63 | D        | Noticed a bag of meat
    64 | D        | Noticed a destroyer
    65 | D        | Noticed a bag of meat
    65 | D        | Noticed a tyrant
    68 | D        | Noticed a bag of meat
    69 | D        | Killed a bag of meat
    70 | D        | Killed The Captor
    71 | D        | Noticed a bag of meat
    72 | D        | Killed a dread
    73 | D        | Killed a bag of meat
    74 | D        | Killed a large bag of meat
    75 | D        | Noticed a wretched soul
    77 | D        | Killed a bag of meat
    79 | D        | Killed a tyrant
    80 | D        | Mangled by a destroyer

Action                   |  1- 3 |  4- 6 |  7- 9 | 10-12 | 13-15 | 16-18 | 19-21 | 22-24 | 25-27 || total
-------------------------+-------+-------+-------+-------+-------+-------+-------+-------+-------++-------
Melee: Executioner's axe |     1 |       |       |       |     2 |     4 |     3 |     6 |    24 ||    40
 Abil: Dig               |       |       |       |       |       |       |       |       |     2 ||     2
